 Dungeon Crawl Stone Soup version 0.25.1-2-g60ff931df9 (webtiles) character file.

Game seed: 183040568878379485

945 DildoBatman the Conjurer (level 8, -5/52 HPs)
             Began as a Formicid Wizard on Sept 6, 2020.
             Was a Believer of Kikubaaqudgha.
             Killed by divine providence
             ... invoked by an orc priest
              (13 damage)
             ... on level 6 of the Dungeon on Sept 7, 2020.
             The game lasted 00:25:16 (5928 turns).

DildoBatman the Conjurer (Formicid Wizard)          Turns: 5928, Time: 00:25:17

Health: -5/52      AC:  3    Str: 11    XL:     8   Next: 35%
Magic:  2/12       EV: 12    Int: 21    God:    Kikubaaqudgha [**....]
Gold:   161        SH:  0    Dex:  7    Spells: 6/13 levels left

rFire    . . .     SeeInvis +   b - +0 long sword (holy)
rCold    + . .     Gourm    .   (no shield)
rNeg     . . .     Faith    +   r - +0 robe
rPois    .         Spirit   .   (helmet unavailable)
rElec    .         Reflect  .   (no cloak)
rCorr    .         Harm     .   l - +0 pair of gloves
MR       +....                  (no boots)
Stlth    ++........             i - amulet of faith
HPRegen  0.17/turn              x - ring of protection from magic
MPRegen  0.13/turn              (no ring)

@: very slightly contaminated, starving
A: permanent stasis, dig shafts and tunnels, four strong arms, antennae 3,
clumsy 1, cold resistance 1
a: Dig, Shaft Self, Receive Corpses, Renounce Religion


You were on level 6 of the Dungeon.
You worshipped Kikubaaqudgha.
Kikubaaqudgha was pleased with you.
You were starving.

You visited 2 branches of the dungeon, and saw 7 of its levels.
You also visited: Sewer.

You collected 260 gold pieces.
You spent 99 gold pieces at shops.

Inventory:

Hand Weapons
 a - a +0 hunting sling
 b - a +0 long sword of holy wrath (weapon)
Missiles
 j - 124 arrows
 k - 180 stones
 y - 5 poisoned darts (quivered)
 A - 20 bolts
Armour
 l - a +0 pair of gloves (worn)
 r - a +0 robe (worn)
 t - a +0 kite shield
Jewellery
 i - an amulet of faith (around neck)
 x - a ring of protection from magic (left hand)
Wands
 q - a wand of random effects (26)
 u - a wand of acid (7)
Scrolls
 d - a scroll of enchant armour {unknown}
 e - a scroll of blinking {unknown}
 g - a scroll of teleportation {unknown}
 m - 2 scrolls of random uselessness {unknown}
 p - 3 scrolls of remove curse
 s - a scroll of fog
 z - a scroll of identify
 B - a scroll of fear {unknown}
Potions
 c - 5 potions of curing
 f - 3 potions of flight
 h - 4 potions of lignification
 o - a potion of might {unknown}
 w - a potion of heal wounds {unknown}
Comestibles
 v - 9 rations


   Skills:
 - Level 1.7 Dodging
 - Level 2.4 Stealth
 - Level 3.2 Spellcasting
 * Level 5.9 Conjurations
   Level 1.0 Summonings
   Level 0.8 Translocations
 * Level 4.2 Fire Magic
 * Level 3.4 Air Magic


You had 6 spell levels left.
You knew the following spells:

 Your Spells              Type           Power        Failure   Level  Hunger
a - Conjure Flame         Conj/Fire      ###.....     4%          3    ###....
c - Magic Dart            Conj           ####         1%          1    None
e - Mephitic Cloud        Conj/Pois/Air  ###.....     11%         3    ###....

Your spell library contained the following spells:

 Spells                   Type           Power        Failure   Level  Hunger
 Animate Skeleton         Necr           N/A          13%         1    None
 Pain                     Necr           #...         13%         1    None
 Call Imp                 Summ           #.......     13%         2    ##.....
 Slow                     Hex            #.......     21%         2    ##.....
 Sublimation of Blood     Necr           #.........   21%         2    ##.....
 Gell's Gravitas          Tloc           #.........   26%         3    ###....
 Confusing Touch          Hex            #.......     36%         3    ###....
 Vampiric Draining        Necr           #.........   36%         3    ###....
 Petrify                  Tmut/Erth      #.......     78%         4    ####...
 Metabolic Englaciation   Hex/Ice        #.........   98%         5    ######.
 Yara's Violent Unravell  Hex/Tmut       #.........   98%         5    ######.
 Blink                    Tloc           Unusable     N/A         2    N/A

Dungeon Overview and Level Annotations

Branches:
Dungeon (6/15)             Temple (1/1) D:5           Sewer (visited)

Altars:
Ashenzari
Cheibriados
Dithmenos
Elyvilon
Fedhas
Gozag
Hepliaklqana
Kikubaaqudgha
Makhleb
Nemelex Xobeh
Okawaru
Qazlal
Ru
Sif Muna
Trog
Uskayaw
Vehumet
Wu Jian
Xom
Yredelemnul
Zin
The Shining One

Shops:
D:6 !


Innate Abilities, Weirdness & Mutations

You cannot be hasted, slowed, berserked, paralysed or teleported.
You can dig through walls and to a lower floor.
Your four strong arms can wield two-handed weapons with a shield.
You have a pair of large antennae on your head. (SInv)
You are clumsy. (Dex -2)
Your flesh is cold resistant. (rC+)


Message History

The orc appears confused.
The orc warrior is engulfed in blazing flames.
The orc warrior hits you with a +0 trident!!
You hit the orc warrior but do no damage.
The orc warrior is moderately wounded.
The orc warrior is engulfed in blazing flames.
The orc hits the orc warrior.
The orc warrior is engulfed in blazing flames.
The orc warrior hits you with a +0 trident!
You barely miss the orc warrior.
The orc warrior is almost dead.
The orc barely misses the orc warrior.
The orc warrior is engulfed in blazing flames.
You kill the orc warrior!
Kikubaaqudgha accepts your kill.
Your Fire Magic skill increases to level 4!
The orc priest invokes the aid of Beogh against you.
Beogh smites you!
You die...
Kikubaaqudgha rasps: "You have failed me!
Welcome... death!"

### #.# #.#
######################.########
+.............@°o...o)>#..)$...
######.#.....###(####.##.#....
#.#.##..###.####..#.# ###
#.#.#......{........#
#.#.......##..##o.###
#.##...##.#<......###{{
#..'...##.#....#.({o(..
####...#..#....#..####.
#...#.##.......##


You could see an orc priest and an orc (confused).

Vanquished Creatures
  An orc warrior (D:6)
  A phantom (D:4)
  An ogre (D:5)
  A centaur (D:5)
  A big kobold (Sewer)
  A wyvern zombie (D:6)
  A scorpion (D:5)
  A howler monkey (D:2)
  A hound (D:4)
  Terence (D:3)
  2 orc wizards (D:4)
  2 iguanas
  3 worker ants
  7 adders
  2 worms
  2 dart slugs
  6 leopard geckos
  5 orcs
  8 bats
  A giant cockroach (D:1)
  11 goblins
  13 hobgoblins
  5 jackals
  10 kobolds
  A quokka (D:2)
  2 ball pythons (D:2)
  3 frilled lizards
  10 rats
103 creatures vanquished.

Notes
Turn   | Place    | Note
-------+----------+-------------------------------------------
     0 | D:1      | DildoBatman the Formicid Wizard began the quest for the
                  | Orb.
     0 | D:1      | Reached XP level 1. HP: 13/13 MP: 4/4
   100 | D:1      | Reached skill level 1 in Conjurations
   322 | D:1      | Reached XP level 2. HP: 19/19 MP: 0/6
   357 | D:1      | Reached skill level 2 in Conjurations
   765 | D:1      | Reached XP level 3. HP: 24/24 MP: 2/7
  1304 | D:2      | Reached skill level 3 in Conjurations
  1559 | D:2      | Reached XP level 4. HP: 30/30 MP: 4/8
  1827 | D:2      | Reached skill level 4 in Conjurations
  1827 | D:2      | Reached XP level 5. HP: 35/35 MP: 6/9
  2693 | D:3      | Found a shattered altar of Ashenzari.
  2735 | D:3      | You fall into a shaft and drop 2 floors!
  2735 | D:5      | Entered Level 5 of the Dungeon
  2782 | D:5      | Found a staircase to the Ecumenical Temple.
  2790 | Temple   | Entered the Ecumenical Temple
  2848 | Temple   | Became a worshipper of Kikubaaqudgha
  2998 | D:5      | Noticed a centaur
  3007 | D:5      | Learned a level 3 spell: Conjure Flame
  3011 | D:5      | Learned a level 3 spell: Mephitic Cloud
  3019 | D:5      | Found a glowing drain.
  3026 | Sewer    | Entered a sewer
  3126 | Sewer    | Noticed a big kobold
  3151 | Sewer    | Killed a big kobold
  3151 | Sewer    | Reached skill level 1 in Fire Magic
  3151 | Sewer    | Reached skill level 1 in Air Magic
  3151 | Sewer    | Reached XP level 6. HP: 37/41 MP: 2/10
  3181 | Sewer    | Found a white marble altar of Elyvilon.
  3286 | D:3      | Noticed Terence
  3691 | D:3      | Reached * piety under Kikubaaqudgha
  3691 | D:3      | Identified Kikubaaqudgha's Volume of Dark Rituals
                  | (Kikubaaqudgha gifted it to you on level 3 of the Dungeon)
  3691 | D:3      | Received a gift from Kikubaaqudgha
  3711 | D:3      | Found an iron altar of Okawaru.
  3856 | D:3      | Killed Terence
  4520 | D:4      | Noticed a phantom
  4609 | D:4      | Noticed a +0 hand axe
  4610 | D:4      | Noticed a -1 hand axe
  4611 | D:4      | Found a hide-covered altar of Uskayaw.
  4792 | D:4      | Killed a phantom
  4792 | D:4      | Reached skill level 5 in Conjurations
  4792 | D:4      | Reached XP level 7. HP: 9/46 MP: 3/11
  5088 | D:4      | Found an ornate altar of the Wu Jian Council.
  5093 | D:4      | Found a shadowy altar of Dithmenos.
  5098 | D:4      | Found a basalt altar of Yredelemnul.
  5502 | D:5      | Reached XP level 8. HP: 52/52 MP: 6/12
  5793 | D:6      | Found Vuacewk's Distillery.
  5804 | D:6      | Reached ** piety under Kikubaaqudgha
  5812 | D:6      | Bought a potion of degeneration for 11 gold pieces
  5812 | D:6      | Bought a potion of mutation for 88 gold pieces
  5812 | D:6      | Gained mutation: You are somewhat resistant to further
                  | mutation. [potion of mutation]
  5813 | D:6      | Lost mutation: You are somewhat resistant to further
                  | mutation. [potion of mutation]
  5813 | D:6      | Gained mutation: You are clumsy. (Dex -2) [potion of
                  | mutation]
  5813 | D:6      | Gained mutation: Your flesh is cold resistant. (rC+)
                  | [potion of mutation]
  5928 | D:6      | Killed from afar by an orc priest

Illustrated notes

Levels and vault maps discovered:
D:1:      dpeg_arrival_long_road, layout_loops_ring
D:2:      wad_lake_hut, layout_basic, first_ration, minmay_box_of_dots
D:3:      layout_basic, lemuel_doored_altar, okawaru_altar_gauntlet_db,
          uniq_terence
D:4:      layout_basic, minmay_overflow_temple_star_quad,
          dancing_weapons_uskayaw
D:5:      layout_cave_pools, minmay_temple_entry_grid, portal_sewer_entry_d
D:6:      layout_basic, basic_altar, serial_shops, shop
Temple:   eino_temple_rhombus

Skill      XL: |  1  2  3  4  5  6  7  8 |
---------------+-------------------------+-----
Conjurations   | 1 2 3 4 5 |  5.9
Fire Magic     | 1 2 3 4 |  4.2
Air Magic      | 1 2 3 |  3.4
Dodging        | |  1.7
Stealth        | |  2.4
Spellcasting   | |  3.2
Summonings     | |  1.0
Translocations | |  0.8

Action                   |  1- 3 |  4- 6 |  7- 9 || total
-------------------------+-------+-------+-------++-------
Melee: Club              |    15 |       |       ||    15
       Short sword       |       |     5 |       ||     5
       Long sword        |       |     8 |    11 ||    19
 Fire: Hunting sling     |       |   107 |    70 ||   177
Throw: Dart              |       |     7 |     6 ||    13
 Cast: Magic Dart        |    77 |   101 |     9 ||   187
       Mephitic Cloud    |       |     6 |    14 ||    20
       Conjure Flame     |       |     1 |     4 ||     5
 Abil: Dig               |     2 |     8 |     2 ||    12
  Use: Scroll            |       |     2 |     4 ||     6
       Potion            |       |       |     2 ||     2
  Eat: Chunk             |     2 |    11 |     4 ||    17
Armor: Robe              |     9 |    11 |       ||    20
Dodge: Dodged            |    35 |    72 |     9 ||   116
       Rpst.: Long sword |       |     3 |     3 ||     6
